 Dungeon Crawl Stone Soup version 0.24-a0-530-g18ba70b503 (webtiles) character file.

Game seed: 3816660464151895935

124098 DEFE the Rapturous (level 16, -1/107 HPs)
             Began as a Demonspawn Wanderer on Aug 9, 2019.
             Was a Follower of Uskayaw.
             Slain by an anaconda (3 damage)
             ... on level 2 of the Snake Pit.
             The game lasted 01:04:27 (49773 turns).

DEFE the Rapturous (Demonspawn Wanderer)           Turns: 49773, Time: 01:04:28

Health: -1/107     AC: 28    Str: 17    XL:     16   Next: 38%
Magic:  30/30      EV:  5    Int: 18    God:    Uskayaw [*.....]
Gold:   356        SH: 16    Dex: 12    Spells: 17/17 levels left

rFire    + + +     SeeInvis .     - Unarmed
rCold    . . .     Gourm    .   N - +5 shield "Qulamamer" {rElec rF+ rCorr Int+2}
rNeg     + . .     Faith    +   b - +0 plate armour
rPois    +         Spirit   .   I - +2 helmet "Wuamiephu" {rF+ MR+}
rElec    +         Reflect  .   C - +2 ratskin cloak {+Rats rPois rN+ Str-1 Int-1 Dex+1}
rCorr    +         Harm     .   (gloves unavailable)
MR       +++..                  t - +0 pair of boots
Stlth    ..........             u - amulet of faith
HPRegen  0.27/turn              o - ring of protection from magic
MPRegen  0.22/turn              O - +3 ring of evasion

@: lethally poisoned (-1 -> -2), constricted, studying Throwing
A: claws 3, molten scales 3, fire resistance 1, nightstalker 2
a: Stomp, Renounce Religion, Evoke Ratskin


You were on level 2 of the Snake Pit.
You worshipped Uskayaw.
Uskayaw was greatly pleased with you.
You were not hungry.

You visited 4 branches of the dungeon, and saw 26 of its levels.
You also visited: Ossuary.

You collected 2013 gold pieces.
You spent 1657 gold pieces at shops.

Inventory:

Hand Weapons
 d - a +2 vampiric scimitar
 y - a +9 dagger of venom
Missiles
 v - 134 poisoned darts
 R - 5 curare-tipped darts (quivered)
Armour
 b - a +0 plate armour (worn)
 t - a +0 pair of boots (worn)
 C - the +2 ratskin cloak (worn) {+Rats rPois rN+ Str-1 Int-1 Dex+1}
   (You acquired it on level 2 of the Orcish Mines)

   It affects your strength (-1).
   It affects your intelligence (-1).
   It affects your dexterity (+1).
   It protects you from poison.
   It protects you from negative energy.
 I - the +2 helmet "Wuamiephu" (worn) {rF+ MR+}
   (You found it on level 9 of the Dungeon)

   It protects you from fire.
   It affects your resistance to hostile enchantments.
 N - the +5 shield "Qulamamer" (worn) {rElec rF+ rCorr Int+2}
   (You bought it in a shop on level 10 of the Dungeon)

   It affects your intelligence (+2).
   It protects you from fire.
   It insulates you from electricity.
   It provides partial protection from all sources of acid and corrosion.
Jewellery
 o - a ring of protection from magic (left claw)
 u - an amulet of faith (around neck)
 z - an uncursed ring of positive energy
 O - a +3 ring of evasion (right claw)
Wands
 a - a wand of polymorph (1)
 w - a wand of digging (9)
 H - a wand of paralysis (3)
 Q - a wand of flame (40)
 X - a wand of disintegration (17)
Scrolls
 c - 4 scrolls of teleportation
 h - 2 scrolls of fog
 i - 5 scrolls of amnesia
 q - 12 scrolls of remove curse
 B - 3 scrolls of immolation
 G - 3 scrolls of blinking
 J - a scroll of torment
 L - 4 scrolls of magic mapping
 S - 2 scrolls of silence
 T - a scroll of enchant armour
 U - a scroll of vulnerability
Potions
 g - 2 potions of cancellation
 j - 2 potions of mutation
 k - 2 potions of invisibility
 l - a potion of flight
 n - 3 potions of lignification
 p - 3 potions of resistance
 r - 2 potions of curing
 s - 2 potions of might
 x - a potion of ambrosia
 A - a potion of agility
 E - 3 potions of magic
 F - 2 potions of berserk rage
 K - 3 potions of haste
 P - a potion of brilliance
Books
 m - a manual of Throwing
Comestibles
 f - 22 rations


   Skills:
 + Level 4.3 Fighting
 - Level 10.3 Short Blades
   Level 2.6 Crossbows
 - Level 1.1 Throwing
 - Level 12.2 Armour
 + Level 9.5 Shields
 * Level 13.0 Unarmed Combat
 - Level 1.1 Spellcasting
   Level 4.3 Necromancy
 - Level 20.0 Invocations
 - Level 1.0 Evocations


You had 17 spell levels left.
You didn't know any spells.
Your spell library contained the following spells:

 Spells                   Type           Power        Failure   Level  Hunger
 Animate Skeleton         Necr           N/A          82%         1    ##.....
 Pain                     Necr           ###.         82%         1    ##.....
 Vampiric Draining        Necr           ###.......   99%         3    ####...
 Apportation              Tloc           #.....       100%        1    ##.....
 Beastly Appendage        Tmut           #.....       100%        1    ##.....
 Flame Tongue             Conj/Fire      #....        100%        1    ##.....
 Freeze                   Ice            #...         100%        1    ##.....
 Magic Dart               Conj           #...         100%        1    ##.....
 Blink                    Tloc           N/A          100%        2    ###....
 Call Imp                 Summ           #.......     100%        2    ###....
 Slow                     Hex            #.......     100%        2    ###....
 Sticks to Snakes         Tmut           #.......     100%        2    ###....
 Throw Flame              Conj/Fire      #.....       100%        2    ###....
 Throw Frost              Conj/Ice       #.....       100%        2    ###....
 Conjure Flame            Conj/Fire      #.......     100%        3    ####...
 Inner Flame              Hex/Fire       #.......     100%        3    ####...
 Lesser Beckoning         Tloc           #.........   100%        3    ####...
 Mephitic Cloud           Conj/Pois/Air  #.......     100%        3    ####...
 Ozocubu's Armour         Chrm/Ice       #.......     100%        3    ####...
 Regeneration             Chrm/Necr      #.........   100%        3    ####...
 Spider Form              Tmut/Pois      #.........   100%        3    ####...
 Animate Dead             Necr           N/A          100%        4    #####..
 Ice Form                 Ice/Tmut       #.......     100%        4    #####..
 Sticky Flame             Conj/Fire      #.......     100%        4    #####..
 Summon Ice Beast         Ice/Summ       #.......     100%        4    #####..
 Throw Icicle             Conj/Ice       #.......     100%        4    #####..
 Blade Hands              Tmut           #.........   100%        5    ######.
 Fireball                 Conj/Fire      #.........   100%        5    ######.


Dungeon Overview and Level Annotations

Branches:
Dungeon (15/15)            Temple (0/1) D:5            Lair (6/6) D:10
 Shoals (0/4) Lair:3        Snake (3/4) Lair:3        Slime (0/5) Lair:6
    Orc (2/2) D:11            Elf (0/3) Orc:2        Vaults (0/5) D:13
 Depths (0/5) D:15

Altars:
Cheibriados
Elyvilon
Fedhas
Kikubaaqudgha
Makhleb
Nemelex Xobeh
Trog
Uskayaw
Vehumet
Wu Jian
Xom
The Shining One
Jiyva

Shops:
D:4 %   D:10 *   D:15 }   Orc:2 *[:!(   Snake:1 [

Annotations:
D:2 Jessica
D:6 exclusion: statue
D:11 2 transporters
D:14 Agnes


Innate Abilities, Weirdness & Mutations

You have claws for hands.
You are completely covered in molten scales. (AC +4, rF+)
Your flesh is heat resistant. (rF+)
You are significantly more attuned to the shadows.


Message History

Uskayaw will no longer force your foes to helplessly watch your dance.
You feel sick.
You can no longer pass through a line of other dancers.
You feel sick.
You feel sick.
The anaconda is too close now for your liking.
You take 2 damage, and have 12/107 hp.
Unknown command.
An anaconda is nearby!
You feel sick.
You take 1 damage, and have 11/107 hp.
You closely miss the anaconda. The anaconda grabs you. The anaconda bites you!
* * * LOW HITPOINT WARNING * * *
x2 The anaconda constricts you.
You take 10 damage, and have 2/107 hp.
Unknown command.
You miss the anaconda. You block the anaconda's attack.
You die...

#######.#.###.####
#####.##.###.###..##.##
#.##.#....#..#..#.###)#
#....##.###...##..##)###
...##...####..#..#..)#.#####
...##.##.###....##.#.##)...###
#..##.##..#.....<.[##.)#####.#
#..#.####............).###.#.#
.......##.......@.###(.....#.####
...###..........S.###......#....#
...###....................#.###.#
##..#.............##.........#..#
##..........#.....##..#....##...#
................S....###...###...
.....................##.....#..##
.............................##.#
..............................#..


You could see an anaconda and a black mamba.

Vanquished Creatures
  An orc warlord (Orc:1)
  3 stone giants (Orc:2)
  A dire elephant (Lair:6)
  3 ettins (Orc:2)
  An ogre mage (D:15)
  Josephine (Orc:2)
  A yaktaur captain (D:15)
  Harold (Lair:2)
  4 vault guards (D:13)
  2 naga warriors (Snake:2)
  8 hydras
  2 catoblepae (Lair:6)
  8 two-headed ogres
  4 centaur warriors
  An anaconda (Snake:2)
  A deep troll shaman (Lair:6)
  10 death yaks (Lair:6)
  3 tengu warriors (D:15)
  2 naga sharpshooters
  A shock serpent (Snake:2)
  Sonja (Orc:1)
  Nergalle (D:10)
  A fire crab (Lair:6)
  Pikel (D:6)
  2 naga ritualists (Snake:2)
  An orc knight (Orc:1)
  A lindwurm (shapeshifter) (D:13)
  8 mana vipers
  A deep elf mage (D:14)
  2 manticores
  An orc sorcerer (Orc:1)
  9 slime creatures (D:12)
  13 ugly things
  13 cyclopes
  4 salamanders
  13 elephants
  A merfolk siren (Lair:3)
  17 black mambas
  5 naga magi
  2 guardian serpents (Snake:1)
  2 centaur skeletons
  4 gargoyles
  A torpor snail (Lair:3)
  10 spiny frogs
  2 kobold demonologists
  A rime drake (Lair:2)
  8 komodo dragons
  A freezing wraith (D:15)
  A yaktaur (D:15)
  A tengu conjurer (D:15)
  6 trolls
  2 polar bears
  50 yaks
  A hornet (D:14)
  6 dream sheep (Lair:5)
  14 blink frogs
  13 hippogriffs
  12 porcupines
  Sigmund (D:3)
  10 wraiths
  A vampire (D:14)
  4 shadows
  4 basilisks
  5 wyverns
  2 hogs (D:8)
  7 hungry ghosts
  5 vampire mosquitoes
  8 wargs
  16 nagas
  Duvessa (D:6)
  14 water moccasins
  3 acid dragons
  13 orc warriors
  An eye of draining (D:11)
  2 sky beasts
  7 ice beasts
  A slave (D:6)
  4 boggarts (D:15)
  3 black bears
  6 ogres
  4 phantoms
  14 centaurs
  40 wolves (Lair:6)
  A big kobold (D:13)
  10 crocodiles
  17 bullfrogs
  A gnoll sergeant (D:6)
  2 wyvern skeletons (D:8)
  4 scorpions
  A hornet simulacrum (D:13)
  Dowan (D:6)
  A water moccasin skeleton (D:9)
  5 killer bees (D:13)
  8 wights
  3 electric eels
  4 howler monkeys
  8 crimson imps
  5 centaur zombies
  4 bullfrog zombies
  3 quasits
  19 orc priests
  5 hounds
  3 jellies
  A bullfrog skeleton (D:10)
  3 human zombies (Ossuary)
  21 orc wizards
  4 iguanas
  Terence (D:1)
  4 hell rats (Lair:3)
  11 worker ants
  8 ogre zombies (D:11)
  3 mummies
  2 worker ant zombies
  3 gnolls (D:6)
  A howler monkey skeleton (D:9)
  16 river rats (Lair:3)
  14 adders
  5 shadow imps
  2 oozes
  2 adder skeletons (D:5)
  2 adder zombies
  8 worms
  A dart slug (D:1)
  5 leopard geckos
  82 orcs
  8 bats
  5 giant cockroaches
  2 goblins
  8 hobgoblins
  4 jackals (D:10)
  8 quokkas
  A ball python (D:5)
  8 frilled lizards
  A giant cockroach zombie (D:5)
  3 goblin skeletons (D:11)
  3 goblin zombies
  11 hobgoblin zombies
  2 jackal zombies (Ossuary)
  15 kobolds
  11 kobold zombies (Ossuary)
  An orc skeleton (D:11)
  26 orc zombies
  2 quokka skeletons
  A quokka zombie (D:5)
  17 rats
907 creatures vanquished.

Vanquished Creatures (collateral kills)
  A yak (D:8)
  A human (D:8)
2 creatures vanquished.

Vanquished Creatures (others)
  A porcupine (D:10)
  A water elemental (D:13)
  A yak (D:10)
  A basilisk (D:10)
  3 slaves (D:6)
  A scorpion (D:6)
  An orc wizard (D:6)
  An adder (D:6)
  A giant cockroach (D:6)
  A jackal zombie (D:6)
  24 fungi
  18 plants
54 creatures vanquished.

Grand Total: 963 creatures vanquished

Notes
Turn   | Place    | Note
-------+----------+-------------------------------------------
     0 | D:1      | DEFE the Demonspawn Wanderer began the quest for the Orb.
     0 | D:1      | DEFE set off with the following items: a +0 club, a scroll
                  | of teleportation, a +0 robe, a ration; and the following
                  | spells available to memorise: Animate Skeleton, Pain,
                  | Apportation, Vampiric Draining, Regeneration, Animate Dead,
                  | Lesser Beckoning
     0 | D:1      | Reached XP level 1. HP: 13/13 MP: 2/2
   377 | D:1      | Reached skill level 1 in Fighting
   428 | D:1      | Gained mutation: You are slightly more attuned to the
                  | shadows. [demonic ancestry]
   428 | D:1      | Reached XP level 2. HP: 6/21 MP: 3/3
  1603 | D:2      | Noticed Terence
  1617 | D:2      | Reached skill level 1 in Short Blades
  1822 | D:2      | Reached XP level 3. HP: 17/27 MP: 4/4
  1977 | D:2      | Found an ornate altar of the Wu Jian Council.
  2002 | D:2      | Noticed Jessica
  2307 | D:1      | Killed Terence
  3007 | D:2      | Gained mutation: Your flesh is heat resistant. (rF+)
                  | [demonic ancestry]
  3007 | D:2      | Reached XP level 4. HP: 8/33 MP: 5/5
  3985 | D:3      | Found a hide-covered altar of Uskayaw.
  3992 | D:3      | Gained mutation: You are significantly more attuned to the
                  | shadows. [demonic ancestry]
  3992 | D:3      | Reached XP level 5. HP: 27/38 MP: 6/6
  4082 | D:3      | Noticed a +0 dagger
  4083 | D:3      | Noticed a +0 dagger
  4085 | D:3      | Became a worshipper of Uskayaw the Reveler
  4117 | D:3      | Reached * piety under Uskayaw
  4634 | D:3      | Reached skill level 1 in Invocations
  4977 | D:4      | Found Veoso's Food Shoppe.
  5015 | D:4      | Reached ** piety under Uskayaw
  5020 | D:4      | Reached skill level 2 in Invocations
  5229 | D:4      | Reached skill level 3 in Invocations
  5229 | D:4      | Gained mutation: You are partially covered in molten
                  | scales. (AC +2) [demonic ancestry]
  5229 | D:4      | Reached XP level 6. HP: 42/44 MP: 6/8
  5230 | D:4      | DEFE: ??molten scale
  5230 | D:4      | beem: molten scale ~ molten scales ~ scales[2/2]: Molten
                  | [2, 3, 4 rF+]; Icy [2, 3, 4 rC+]; Yellow [2, 3, 4 rCorr];
                  | Green [2, 3, 4rPois]; Metallic [2, 3, 4 rElec]; Iridescent
                  | [2, 4, 6] Bone Plates [SH+4, 6, 8]; Brown [1 +3% HP, 2 +5%
                  | HP, 3 +7% HP]; Repulsion [EV+2, EV+3, EV+4RMsl]; Sturdy
                  | [ER-2, ER-4, ER-6]; Sanguine [6, 9, 12 at <67%hp]>
                  | ERROR: string above had unterminated tag
  5256 | D:4      | HP: 1/44 [orc priest/divine providence (12)]
  6000 | D:4      | Noticed Sigmund
  6014 | D:3      | Reached skill level 4 in Invocations
  6188 | D:3      | Killed Sigmund
  6188 | D:3      | Reached skill level 5 in Short Blades
  6188 | D:3      | Reached skill level 5 in Invocations
  6188 | D:3      | Reached XP level 7. HP: 26/50 MP: 10/10
  6752 | D:5      | Entered Level 5 of the Dungeon
  6785 | D:5      | Found a staircase to the Ecumenical Temple.
  6844 | D:5      | Found a shimmering altar of Xom.
  6983 | D:5      | Reached *** piety under Uskayaw
  6984 | D:5      | Reached skill level 6 in Invocations
  6989 | D:5      | Reached **** piety under Uskayaw
  7125 | D:5      | Found a sand-covered staircase.
  7362 | Ossuary  | Entered an ossuary
  8539 | Ossuary  | Reached skill level 7 in Invocations
  8539 | Ossuary  | Reached XP level 8. HP: 33/56 MP: 13/13
  9123 | D:5      | Reached ***** piety under Uskayaw
  9126 | D:5      | Reached skill level 8 in Invocations
  9516 | D:5      | Found a sparkling altar of Nemelex Xobeh.
  9871 | D:6      | Reached skill level 9 in Invocations
  9881 | D:6      | Noticed Pikel
  9925 | D:6      | Killed Pikel
  9925 | D:6      | Reached XP level 9. HP: 46/61 MP: 14/16
 10038 | D:6      | Found a glowing golden altar of the Shining One.
 10091 | D:6      | Found a radiant altar of Vehumet.
 10105 | D:6      | Reached skill level 10 in Invocations
 10194 | D:6      | Noticed Dowan
 10194 | D:6      | Noticed Duvessa
 10196 | D:6      | Found a white marble altar of Elyvilon.
 10208 | D:6      | Killed Dowan
 10209 | D:6      | Killed Duvessa
 10811 | D:7      | Reached skill level 1 in Armour
 11048 | D:7      | Found a snail-covered altar of Cheibriados.
 11560 | D:7      | Reached skill level 11 in Invocations
 12390 | D:8      | Gained mutation: You have sharp fingernails. [demonic
                  | ancestry]
 12390 | D:8      | Reached XP level 10. HP: 61/67 MP: 18/18
 12660 | D:8      | Found a burning altar of Makhleb.
 12720 | D:8      | Reached skill level 12 in Invocations
 12809 | D:8      | Found an ancient bone altar of Kikubaaqudgha.
 13849 | D:9      | Reached skill level 5 in Armour
 13951 | D:9      | Got a scorched helmet
 13962 | D:9      | Identified the +2 helmet "Wuamiephu" {rF+ MR+} (You found
                  | it on level 9 of the Dungeon)
 14078 | D:10     | Entered Level 10 of the Dungeon
 14126 | D:10     | Identified a scroll of acquirement
 14383 | D:10     | Reached skill level 10 in Short Blades
 14422 | D:10     | Reached skill level 13 in Invocations
 14429 | D:10     | Reached ****** piety under Uskayaw
 14437 | D:10     | Gained mutation: You have very sharp fingernails. [demonic
                  | ancestry]
 14437 | D:10     | Reached XP level 11. HP: 17/72 MP: 20/20
 14440 | D:10     | DEFE: поиграл с даггером
 14440 | D:10     | DEFE: лол
 14819 | D:10     | Found Qeusm's Assorted Antiques.
 14823 | D:10     | Bought a scroll of blinking for 180 gold pieces
 14823 | D:10     | Bought a metallic coppery potion for 21 gold pieces
 14823 | D:10     | Bought a glittering pewter amulet for 120 gold pieces
 14824 | D:10     | Identified the amulet of the Oligarchy {Spirit rElec Int+3
                  | Dex-3} (You bought it in a shop on level 10 of the Dungeon)
 15022 | D:10     | Found a staircase to the Lair.
 15048 | D:10     | Reached skill level 1 in Unarmed Combat
 15429 | D:10     | Noticed Nergalle
 15461 | D:10     | Killed Nergalle
 15741 | D:11     | Found a transporter.
 15753 | D:11     | Noticed a two-headed ogre
 16547 | D:11     | Found a transporter.
 17225 | D:11     | Found the +5 scythe "Finisher" {speed, eviscerate}
 17280 | D:11     | DEFE: ааа
 17280 | D:11     | DEFE: ыинишер
 17343 | D:11     | Found a staircase to the Orcish Mines.
 17646 | D:11     | Noticed a fire crab
 17648 | D:11     | Noticed a fire crab
 17667 | D:11     | Reached skill level 14 in Invocations
 18214 | Lair:1   | Entered Level 1 of the Lair of Beasts
 20702 | Lair:1   | Reached skill level 5 in Unarmed Combat
 20880 | Lair:2   | Reached XP level 12. HP: 46/78 MP: 23/23
 21647 | Lair:2   | Reached skill level 15 in Invocations
 21675 | Lair:2   | Noticed Harold
 21692 | Lair:2   | Killed Harold
 21817 | Lair:2   | Noticed a seven-headed hydra
 22233 | Lair:2   | Killed a seven-headed hydra
 22456 | D:10     | Bought a smoking shield for 228 gold pieces
 22461 | D:10     | Identified the +5 shield "Qulamamer" {rElec rF+ rCorr
                  | Int+2} (You bought it in a shop on level 10 of the Dungeon)
 22712 | Lair:2   | Noticed an eight-headed hydra
 22721 | Lair:2   | Killed an eight-headed hydra
 23156 | Lair:3   | Reached skill level 1 in Shields
 24261 | Lair:3   | Noticed a six-headed hydra
 24273 | Lair:3   | Killed a six-headed hydra
 24334 | Lair:3   | Found a staircase to the Shoals.
 24429 | Lair:3   | Found a staircase to the Snake Pit.
 24871 | Lair:3   | Reached skill level 16 in Invocations
 25834 | Lair:4   | Noticed an eight-headed hydra
 25848 | Lair:4   | Killed an eight-headed hydra
 25848 | Lair:4   | Gained mutation: You are mostly covered in molten scales.
                  | (AC +3) [demonic ancestry]
 25848 | Lair:4   | Reached XP level 13. HP: 22/83 MP: 25/25
 28167 | Lair:5   | Reached skill level 10 in Armour
 28428 | Lair:5   | You fall into a shaft and drop 1 floor!
 28428 | Lair:6   | Entered Level 6 of the Lair of Beasts
 28759 | Lair:6   | Reached skill level 17 in Invocations
 29039 | Lair:6   | Reached skill level 5 in Shields
 30641 | Lair:6   | Gained mutation: You have claws for hands. [demonic
                  | ancestry]
 30641 | Lair:6   | Reached XP level 14. HP: 30/90 MP: 26/26
 31028 | Lair:6   | Reached skill level 18 in Invocations
 32486 | Lair:6   | Found a staircase to the Slime Pits.
 32487 | Lair:6   | Found a viscous altar of Jiyva.
 33025 | Lair:6   | Got a pair of slimy boots
 33036 | Lair:6   | Identified the +0 pair of boots of Rosa {rElec} (You found
                  | it on level 6 of the Lair of Beasts)
 35796 | Orc:1    | Entered Level 1 of the Orcish Mines
 36019 | Orc:2    | Entered Level 2 of the Orcish Mines
 36042 | Orc:2    | Found Kacsiom's Distillery.
 36103 | Orc:2    | Bought a potion of mutation for 96 gold pieces
 36103 | Orc:2    | Bought 2 potions of haste for 240 gold pieces
 36106 | Orc:2    | Found the +2 ratskin cloak {+Rats rPois rN+ Str-1 Int-1
                  | Dex+1}
 36460 | Orc:2    | Noticed a stone giant
 36461 | Orc:2    | Found Cefragg's Book Shoppe.
 36475 | Orc:2    | Killed a stone giant
 36477 | Orc:2    | Reached skill level 10 in Unarmed Combat
 36615 | Orc:2    | Found Wegivul's Antique Armour Boutique.
 36865 | Orc:2    | Noticed a stone giant
 36892 | Orc:2    | Killed a stone giant
 36974 | Orc:2    | Noticed a stone giant
 37263 | Orc:2    | Killed a stone giant
 37263 | Orc:2    | Reached skill level 19 in Invocations
 37320 | Orc:2    | Noticed Josephine
 37338 | Orc:2    | Killed Josephine
 37825 | Orc:2    | Found a staircase to the Elven Halls.
 37837 | Orc:2    | Found Fufadito's Antique Weapon Boutique.
 37926 | Orc:2    | Reached XP level 15. HP: 64/95 MP: 28/28
 38352 | Orc:2    | Found a bloodstained altar of Trog.
 38359 | Orc:2    | Found Vabos's General Store.
 38701 | D:13     | HP: 2/95 [cyclops/large rock (34)]
 40331 | D:13     | Found a gate to the Vaults.
 40813 | D:13     | You fall into a shaft and drop 2 floors!
 40813 | D:15     | Entered Level 15 of the Dungeon
 41258 | D:15     | Found Jyigiang's Gadget Emporium.
 41263 | D:15     | Bought a wand of acid (10) for 392 gold pieces
 41328 | D:15     | Found a blossoming altar of Fedhas.
 42833 | D:15     | Found a staircase to the Depths.
 44305 | D:14     | Noticed Agnes
 45857 | Orc:1    | Noticed an orc warlord
 45872 | Orc:1    | Killed an orc warlord
 46085 | Orc:1    | Noticed Sonja
 46092 | Orc:1    | Killed Sonja
 46349 | Snake:1  | Entered Level 1 of the Snake Pit
 46370 | Snake:1  | Gained mutation: You are completely covered in molten
                  | scales. (AC +4, rF+) [demonic ancestry]
 46370 | Snake:1  | Reached XP level 16. HP: 71/102 MP: 0/29
 46558 | Snake:1  | Found Geblarph's Antique Armour Emporium.
 46563 | Snake:1  | Bought a fine helmet for 380 gold pieces
 46563 | Snake:1  | Identified the +0 helmet "Qahet" {Dex+2 Stlth+} (You bought
                  | it in a shop on level 1 of the Snake Pit)
 47721 | Snake:2  | Reached skill level 20 in Invocations
 49772 | Snake:2  | HP: 4/107 [anaconda (8)]
 49773 | Snake:2  | Slain by an anaconda

Levels and vault maps discovered:
D:1:      saegor_arrival_miasma, layout_basic
D:2:      layout_loops_ring, old_standard_altar, uniq_terence, uniq_jessica
D:3:      layout_loops_ring, dancing_weapons_uskayaw
D:4:      minmay_angry_zag, layout_loops_ring, serial_shops, shop,
          minmay_misc_feat_encased, chequers_arboretum,
          chequers_serial_rivers_micro_b, uniq_sigmund
D:5:      layout_basic, nemelex_altar_shiori, minmay_temple_entry_offerings,
          nicolae_ossuary_entry_giza, basic_altar, first_ration
D:6:      layout_basic, vehumet_statue, nicolae_overflow_hidden_temple,
          elyvilon_altar_5, uniq_duvessa, uniq_pikel
D:7:      layout_basic, cheibrodos_worm_habitat
D:8:      cheibrodos_iron_armory, layout_rooms, makhleb_heckhound_becter,
          general_overflow_altar, grunt_livestock
D:9:      layout_big_octagon
D:10:     cheibrodos_frozen_isle, layout_gridville, minmay_lair_entry_grove,
          serial_shops, shop, uniq_nergalle
D:11:     gammafunk_wand_slinger, layout_irregular_city, zombieorc2_lemuel,
          minmay_guarded_unrand_finisher
D:12:     layout_basic
D:13:     layout_basic, lightli_vaults_fourway_checkpoint, kennysheep_kite_vault
D:14:     layout_gridville, chequers_serial_rivers_micro_d,
          small_chamber_with_monster, minmay_misc_feat_columns, uniq_agnes
D:15:     grunt_enter_depths_snipers, layout_loops_ring, minmay_misc_feat_x,
          serial_shops, shop, fedhas_altar_fruit_tree
Lair:1:   layout_regular_city, chequers_serial_rivers_micro_b
Lair:2:   layout_roguey, infiniplex_staircase_pool, uniq_harold
Lair:3:   lemuel_ratsnest, layout_long_grid, minmay_shoals_entry_lonely_mermaid,
          guppyfry_snake_entry_island
Lair:4:   layout_layer_cave
Lair:5:   layout_gridlike
Lair:6:   grunt_lair_end_beastmaster, layout_cave_pods, slime_altar_1,
          small_statue_intersection, st_stairs_9, grunt_forest_large_clearings
Snake:1:  layout_gridlike, serial_shops, shop, nrook_guardian_serpent_double
Snake:2:  layout_cave_shapes, nicolae_large_snake_swirl
Snake:3:  layout_grid_maze, minmay_shop_grove
Orc:1:    layout_caves, uniq_sonja
Orc:2:    grunt_orc_gardens, layout_diamond_mine, grunt_orc_garden,
          grunt_orc_garden, grunt_orc_garden, grunt_orc_garden, serial_shops,
          nicolae_shop_trees, bloody_trog, uniq_josephine

Skill      XL: |  1  2  3  4  5  6  7  8  9 10 11 12 13 14 15 16 |
---------------+-------------------------------------------------+-----
Fighting       | 1 2 4 |  4.3
Short Blades   | 1 2 3 4 5 6 8 9 10 | 10.3
Invocations    | 3 5 7 9 11 13 14 16 17 19 20 | 20.0
Armour         | 3 5 8 9 10 11 12 | 12.2
Unarmed Combat | 5 7 8 10 12 13 | 13.0
Shields        | 3 5 7 8 9 |  9.5
Crossbows      | |  2.6
Throwing       | |  1.1
Spellcasting   | |  1.1
Necromancy     | |  4.3
Evocations     | |  1.0

Action                   |  1- 3 |  4- 6 |  7- 9 | 10-12 | 13-15 | 16-18 || total
-------------------------+-------+-------+-------+-------+-------+-------++-------
Melee: Short sword       |   105 |       |       |       |       |       ||   105
       Club              |     2 |       |       |       |       |       ||     2
       Dagger            |    40 |   237 |   853 |  1296 |   748 |       ||  3174
       Punch             |       |       |       |     6 |       |       ||     6
       Unarmed           |       |       |       |       |  1446 |   364 ||  1810
Throw: Dart              |       |       |       |       |    30 |       ||    30
Invok: Grand Finale      |       |       |       |     1 |     4 |     1 ||     6
       Stomp             |       |       |       |     1 |       |       ||     1
Evoke: Wand              |       |       |     8 |    26 |    27 |       ||    61
  Use: Scroll            |     2 |     1 |     7 |    15 |    18 |     5 ||    48
       Potion            |       |     9 |       |     4 |     9 |     2 ||    24
 Stab: Sleeping          |     7 |     2 |     8 |       |       |       ||    17
       Paralysed         |       |       |    20 |    65 |   178 |    29 ||   292
       Betrayed ally     |       |       |       |     1 |       |       ||     1
       Distracted        |       |       |       |     2 |     1 |       ||     3
       Petrified         |       |       |       |       |     4 |       ||     4
  Eat: Chunk             |     3 |    10 |     7 |    17 |    42 |     3 ||    82
       Ration            |     1 |       |     6 |    11 |    10 |     3 ||    31
Armor: Robe              |    45 |     1 |       |       |       |       ||    46
       Scale mail        |       |    52 |   201 |       |       |       ||   253
       Plate armour      |       |       |   120 |   590 |   957 |   171 ||  1838
       Skin              |       |       |     1 |       |       |       ||     1
Dodge: Dodged            |   109 |    74 |   178 |   190 |   376 |    63 ||   990
Block: Shield            |       |       |       |   163 |  1452 |   263 ||  1878

Table legend:
 A = Non-vault XP
 B = Vault XP
 C = Vault XP percentage of total XP
 D = Non-vault monster count
 E = Vault monster count
 F = Vault count percentage of total count
                 A         B        C        D         E       F
            +---------+---------+-------+---------+---------+-------
      Total |  126610 |   50674 |  28.6 |     654 |     255 |  28.1
            +---------+---------+-------+---------+---------+-------
        D:1 |      34 |      36 |  51.4 |      22 |       1 |   4.3
        D:2 |      43 |       0 |   0.0 |      19 |       0 |   0.0
        D:3 |     216 |     231 |  51.7 |      27 |       1 |   3.6
        D:4 |     372 |       7 |   1.8 |      24 |       3 |  11.1
        D:5 |     872 |      20 |   2.2 |      29 |       3 |   9.4
        D:6 |     541 |     928 |  63.2 |      18 |       3 |  14.3
        D:7 |     967 |       5 |   0.5 |      18 |       1 |   5.3
        D:8 |    2052 |     737 |  26.4 |      27 |       6 |  18.2
        D:9 |    1073 |       0 |   0.0 |      17 |       0 |   0.0
       D:10 |    1828 |    2692 |  59.6 |      21 |      12 |  36.4
       D:11 |    3425 |    1443 |  29.6 |      30 |      39 |  56.5
       D:12 |    9676 |       0 |   0.0 |      60 |       0 |   0.0
       D:13 |    7988 |   10961 |  57.8 |      48 |      27 |  36.0
       D:14 |   11187 |     163 |   1.4 |      30 |       1 |   3.2
       D:15 |   11476 |    2319 |  16.8 |      27 |       3 |  10.0
     Lair:1 |    4948 |       0 |   0.0 |      21 |       0 |   0.0
     Lair:2 |    5904 |     997 |  14.4 |      20 |       1 |   4.8
     Lair:3 |    6122 |    2707 |  30.7 |      17 |      40 |  70.2
     Lair:4 |    6421 |       0 |   0.0 |      22 |       0 |   0.0
     Lair:5 |    4936 |       0 |   0.0 |      17 |       0 |   0.0
     Lair:6 |   13897 |   14417 |  50.9 |      30 |      54 |  64.3
    Snake:1 |    6046 |     848 |  12.3 |      13 |       2 |  13.3
    Snake:2 |   17162 |       0 |   0.0 |      38 |       0 |   0.0
      Orc:1 |    4387 |     814 |  15.7 |      29 |       1 |   3.3
      Orc:2 |    5037 |   11016 |  68.6 |      30 |      18 |  37.5
    Ossuary |       0 |     333 | 100.0 |       0 |      39 | 100.0
            +---------+---------+-------+---------+---------+-------
